[Event "10. Bayer Open"]
[Site "?"]
[Date "2012.01.25"]
[Round "2"]
[White "Wirtz, Uwe"]
[Black "Auer, Martin"]
[Result "0-1"]
[ECO "B08"]
[WhiteElo "1780"]
[BlackElo "2214"]
[PlyCount "100"]
[EventDate "2012.??.??"]
[SourceDate "2012.01.12"]
[TimeControl "300"]

{317MB, Book.ctg, TMDPC3538} 1. e4 d6 2. d4 Nf6 3. Nc3 g6 4. Nf3 Bg7 5. Be2 O-O
6. O-O e6 7. Bg5 h6 8. Be3 Nc6 9. h3 b6 10. Qd2 Kh7 11. Rad1 Ne7 12. Nh2 Bb7
13. Bf3 Nd7 14. Rfe1 a6 15. Ng4 Ng8 16. Nh2 Qe8 17. a3 Rd8 18. b4 b5 19. Be2 f5
20. f3 Qf7 21. Bd3 Ne7 22. Ne2 Nf6 23. exf5 exf5 24. Nf4 g5 25. Ne2 Nfd5 26.
Bf2 Kh8 27. f4 gxf4 28. Nxf4 Nxf4 29. Qxf4 Nd5 30. Qd2 Qg6 31. Bf1 Nf6 32. Re7
Ne4 33. Qe3 Rf7 34. Rxf7 Qxf7 35. Nf3 f4 36. Qb3 Bd5 37. Qb2 Re8 38. c3 c5 39.
Re1 Nxf2 40. Rxe8+ Qxe8 41. Qxf2 cxd4 42. Nxd4 Qe4 43. Be2 Qb1+ 44. Kh2 (44.
Qf1) 44... Qb2 45. Nf5 (45. Qe1) 45... Be5 46. Qh4 f3+ 47. Kg1 Qc1+ 48. Bf1
fxg2 49. Qd8+ Bg8 50. Kxg2 Qc2+ 0-1

[Event "10. Bayer Open"]
[Site "?"]
[Date "2012.01.25"]
[Round "2"]
[White "Janssen, Wolfgang"]
[Black "Wilde, Christian"]
[Result "1-0"]
[ECO "A13"]
[WhiteElo "1670"]
[BlackElo "1026"]
[PlyCount "71"]
[EventDate "2012.??.??"]
[SourceDate "2012.01.12"]
[TimeControl "360"]

{319MB, Fritz10.ctg} 1. Nf3 Nf6 2. g3 b6 3. Bg2 Bb7 4. O-O e6 5. c4 d5 6. cxd5
Bxd5 7. Nc3 Bb7 8. d4 Be7 9. Bg5 Nbd7 10. Qc2 O-O 11. e4 Ne8 12. Bxe7 Qxe7 13.
Rfe1 e5 14. Nd5 Bxd5 15. exd5 f6 16. dxe5 fxe5 17. Nxe5 Qc5 18. Rac1 Qxc2 19.
Rxc2 Nxe5 20. Rxe5 Nd6 21. Rxc7 a5 22. Rd7 Rad8 23. Rc7 Rc8 24. Rc6 Nc4 25. Re2
Rxc6 26. dxc6 Nd6 27. h4 Re8 28. Bd5+ Kf8 29. Rc2 h6 30. c7 g5 31. hxg5 hxg5
32. Bf3 a4 33. Bg4 Nc8 34. Rd2 Ke7 35. Re2+ Kf8 36. Rxe8+ {Schwarz gibt auf.}
1-0

[Event "10. Bayer Open"]
[Site "?"]
[Date "2012.02.01"]
[Round "3"]
[White "Wilde, Christian"]
[Black "Westphal, Gerhard"]
[Result "1/2-1/2"]
[ECO "A36"]
[WhiteElo "1026"]
[BlackElo "1407"]
[PlyCount "102"]
[EventDate "2012.??.??"]
[SourceDate "2012.01.12"]
[TimeControl "180"]

{461MB, Fritz12.ctg, garten-PC} 1. c4 c5 2. Nc3 Nc6 3. g3 g6
4. e3 Bg7 5. Bg2 d6 6. Nge2 Bf5 7. e4 Bd7 8. O-O Qc8 9. a3 Nh6 10. h3 Bxh3 11.
Bxh3 Qxh3 12. Nf4 Qd7 13. Nce2 Be5 14. d3 Ng4 15. Rb1 Nf6 16. Kg2 g5 17. Nd5 h6
18. f4 gxf4 19. Bxf4 Nxd5 20. exd5 Nd4 21. Bxe5 dxe5 22. Nxd4 exd4 23. Qf3 Rf8
24. Qf4 O-O-O 25. Qxh6 Rh8 26. Qf4 Qh3+ 27. Kf3 Qh5+ 28. g4 Qh3+ 29. Ke2 Qh2+
30. Rf2 Qxf4 31. Rxf4 Rh2+ 32. Rf2 Rdh8 33. b4 cxb4 34. axb4 Rxf2+ 35. Kxf2
Rh2+ 36. Kf3 Rh4 37. Re1 Kd7 38. Re4 Rh3+ 39. Ke2 Rh2+ 40. Kd1 Rh4 41. Rf4 f5
42. Rxf5 Rxg4 43. Kd2 Rg2+ 44. Kc1 Rg4 45. c5 Rg1+ 46. Kc2 Rg2+ 47. Kc1 Rg4 48.
Rf7 Ke8 49. Rh7 Rg1+ 50. Kb2 Rg2+ 51. Kc1 Re2 {Schwarz bot Remis, Weiß nahm an}
1/2-1/2

[Event "10. Bayer Open"]
[Site "?"]
[Date "2012.02.22"]
[Round "4"]
[White "Wirtz, Uwe"]
[Black "Sockel, Karl-Heinz"]
[Result "1/2-1/2"]
[ECO "B12"]
[WhiteElo "1780"]
[BlackElo "1974"]
[PlyCount "40"]
[EventDate "2012.??.??"]
[SourceDate "2012.01.12"]
[TimeControl "600"]

1. e4 c6 2. d4 d6 3. Nf3 Qc7 4. Be3 Bg4 5. Be2 e5 6. dxe5 dxe5 7. h3 Bh5 8. O-O
Nf6 9. Nbd2 Be7 10. c3 O-O 11. Qc2 Nbd7 12. Rfe1 Rad8 13. Rad1 Bc5 14. Bxc5
Nxc5 15. b4 Ne6 16. Nc4 Bxf3 17. Bxf3 b5 18. Ne3 Ng5 19. c4 Nxf3+ 20. gxf3 Rxd1
1/2-1/2

[Event "10. Bayer Open"]
[Site "?"]
[Date "2012.02.22"]
[Round "4"]
[White "Westphal, Gerhard"]
[Black "Kuhnert, Klaus"]
[Result "1-0"]
[ECO "C20"]
[WhiteElo "1407"]
[BlackElo "1450"]
[PlyCount "89"]
[EventDate "2012.??.??"]
[SourceDate "2012.01.12"]
[TimeControl "360"]

1. c4 e5 2. e4 Bc5 3. Nf3 d6 4. d4 exd4 5. Nxd4 Qf6 6. Be3 Bd7 7. Nc3 Ne7 8. Nc2 Nbc6 9. Bxc5 dxc5 10. Bd3 O-O-O 11. O-O Ne5 12. Ne1 Bc6 13. Nd5 Qd6 14. f4 Nd7 15. e5 Qe6 16. Be4 f5 17. Nxe7+ Qxe7 18. Bxc6 Nb8 19. Bxb7+ Kxb7 20. Qb3+ Ka8 21. Qf3+ c6 22. Nc2 Rd7 23. Rad1 Rhd8 24. Rxd7 Qxd7 25. h3 g6 26. Kh2 h6 27. Na3 Qd4 28. b3 g5 29. Qf2 g4 30. hxg4 fxg4 31. Qxd4 cxd4 32. e6 d3 33. Rd1 c5 34. f5 Nc6 35. f6 Ne5 36. Nb5 g3+ 37. Kxg3 Kb7 38. e7 Rg8+ 39. Kf4 Ng6+ 40. Ke4 Nxe7 41. fxe7 Kc6 42. Rxd3 Re8 43. Rd6+ Kb7 44. Rd7+ Kc8 45. Rxa7 1-0

[Event "10. Bayer Open"]
[Site "?"]
[Date "2012.02.22"]
[Round "4"]
[White "Engels, Immanuel"]
[Black "Wilde, Christian"]
[Result "1/2-1/2"]
[ECO "A50"]
[WhiteElo "1528"]
[BlackElo "1026"]
[PlyCount "94"]
[EventDate "2012.??.??"]
[SourceDate "2012.01.12"]
[TimeControl "360"]

1. d4 Nf6 2. c4 e6 3. Nc3 b6 4. Bg5 d6 5. Nf3 Nbd7 6. d5 exd5 7. Nxd5 Bb7 8.
Rc1 c5 9. Qa4 Bxd5 10. cxd5 Be7 11. e4 O-O 12. Bb5 Nxe4 13. Bxd7 Nxg5 14. O-O
Nxf3+ 15. gxf3 a6 16. Bc6 Ra7 17. Rfe1 Bh4 18. Re4 Qg5+ 19. Rg4 Qxc1+ 20. Kg2
Bxf2 21. Kxf2 Qxb2+ 22. Kg3 Re7 23. Qf4 Re2 24. Qxd6 Rg2+ 25. Kf4 Qd2+ 26. Kf5
g6+ 27. Kf6 Qc3+ 28. Ke7 Rxa2 29. Kd7 Qg7 30. Re4 f5+ 31. Re7 Rf7 32. Qe6 Kf8
33. d6 Rd2 34. Bd5 Rxd5 35. Qxd5 Rxe7+ 36. dxe7+ Qxe7+ 37. Kc6 Qf7 38. Qd3 c4
39. Qa3+ Kg7 40. Kxb6 Qf6+ 41. Ka7 c3 42. Qc1 Qd4+ 43. Kxa6 Qd2 44. Qa3 c2 45.
Qe7+ Kh6 46. Qh4+ Kg7 47. Qe7+ Kg8 1/2-1/2

[Event "10. Bayer Open"]
[Site "?"]
[Date "2012.03.07"]
[Round "5"]
[White "Teuber, Alfons"]
[Black "Neumann, Thomas"]
[Result "0-1"]
[ECO "B30"]
[WhiteElo "1061"]
[BlackElo "1702"]
[PlyCount "78"]
[EventDate "2012.??.??"]
[SourceDate "2012.01.12"]
[TimeControl "900"]

{818MB, Fritz8.ctg} 1. e4 c5 2. Bc4 Nc6 3. Nc3 Nf6 4. d3 e6 5. Nf3 d5 6. exd5
exd5 7. Bb5 Bd7 8. O-O Be7 9. Re1 O-O 10. h3 a6 11. Ba4 b5 12. Nxb5 axb5 13.
Bxb5 Re8 14. a4 Qc7 15. b3 Bd6 16. Kf1 Nh5 17. c4 d4 18. Ba3 Rxe1+ 19. Kxe1 Nf4
20. Kf1 Re8 21. Ra2 Bf5 22. Rd2 Re7 23. Ng5 Ne5 24. Ne4 Nexd3 25. Nxd6 Qxd6 26.
a5 Qe6 27. Kg1 Qg6 28. Qf3 Re1+ 29. Kh2 Be4 30. Qg4 Qxg4 31. hxg4 Ra1 32. f3
Bxf3 33. gxf3 Rxa3 34. a6 Nb4 35. Kg3 Ne6 36. f4 Rxb3+ 37. Kh4 Ra3 38. f5 g5+
39. Kh5 Rh3# 0-1

[Event "10. Bayer Open"]
[Site "?"]
[Date "2012.03.07"]
[Round "5"]
[White "Wilde, Christian"]
[Black "Seelig, Jochen"]
[Result "0-1"]
[ECO "A10"]
[WhiteElo "1026"]
[BlackElo "1426"]
[PlyCount "92"]
[EventDate "2012.??.??"]
[SourceDate "2012.01.12"]
[TimeControl "360"]

{319MB, Fritz10.ctg} 1. c4 b6 2. Nf3 Bb7 3. g3 g5 4. g4 h5 5. Rg1 hxg4 6. Rxg4
Bxf3 7. exf3 e6 8. d4 Be7 9. h3 f5 10. Rg1 Bb4+ 11. Nc3 Bxc3+ 12. bxc3 f4 13.
Qc2 Qf6 14. Qe4 Nc6 15. Bb2 Rc8 16. O-O-O Nge7 17. d5 Nd8 18. dxe6 Nxe6 19. Qe1
Nf5 20. Bd3 d6 21. Bxf5 Qxf5 22. Rd5 Qxh3 23. Rdxg5 Kd7 24. Rg7+ Kd8 25. Qe4
Nxg7 26. Rxg7 Re8 27. Qxf4 Qf1+ 28. Kc2 Qxf2+ 29. Kb3 Qe2 30. Qf6+ Re7 31. Rg8+
Kd7 32. f4 Rxg8 33. Qf5+ Kd8 34. Qf6 Rge8 35. Ba3 Qe6 36. Qg5 b5 37. Qxb5 Qc8
38. c5 c6 39. Qa5+ Qc7 40. Qxc7+ Rxc7 41. cxd6 Rd7 42. c4 Re3+ 43. Ka4 Rxa3+
44. Kxa3 Rxd6 45. Kb4 Kc7 46. Kc5 Rf6 0-1

[Event "10. Bayer Open"]
[Site "?"]
[Date "2012.03.21"]
[Round "6"]
[White "Wirtz, Uwe"]
[Black "Rist, Kurt"]
[Result "1-0"]
[ECO "B22"]
[WhiteElo "1780"]
[BlackElo "1511"]
[PlyCount "107"]
[EventDate "2012.??.??"]
[SourceDate "2012.01.12"]
[TimeControl "600"]

{317MB, Book.ctg, TMDPC3538} 1. e4 c5 2. c3 g6 3. d4 Qc7 4. Nf3 Nf6 5. e5 Nd5
6. Bc4 Nb6 7. Bb3 c4 8. Bc2 Bg7 9. O-O Nc6 10. Qe2 O-O 11. a4 a5 12. Na3 Na7
13. Nd2 d5 14. exd6 exd6 15. Naxc4 Nd5 16. Qf3 Be6 17. Be4 Nf6 18. Ne3 Nc6 19.
Bd3 Rac8 20. Ne4 Nxe4 21. Bxe4 f5 22. Bd5 Bxd5 23. Nxd5 Qf7 24. Re1 h6 25. h4
Kh7 26. Bd2 Rfe8 27. Nb6 Rcd8 28. Qd5 Qc7 29. Nc4 Re4 30. Rxe4 fxe4 31. Ne3 Re8
32. Re1 Qd7 33. Nc4 Bf8 34. Rxe4 Rxe4 35. Qxe4 d5 36. Ne5 Qe6 37. Qf4 Kg8 38.
Qg4 Qxg4 39. Nxg4 Be7 40. Nxh6+ Kg7 41. Bg5 Bd6 42. Ng4 Kf7 43. f4 Ke6 44. Kf2
Kf5 45. Kf3 b6 46. Ne5 Nxe5+ 47. fxe5 Bc7 48. g4+ Ke6 49. Kf4 Kf7 50. Bf6 Kg8
51. Kg5 Kf7 52. h5 gxh5 53. gxh5 Bb8 54. h6 1-0

[Event "10. Bayer Open"]
[Site "?"]
[Date "2012.03.21"]
[Round "6"]
[White "Schmidt, Werner"]
[Black "Wilde, Christian"]
[Result "1/2-1/2"]
[ECO "A36"]
[WhiteElo "1372"]
[BlackElo "1026"]
[PlyCount "46"]
[EventDate "2012.??.??"]
[SourceDate "2012.01.12"]
[TimeControl "240+2"]

{319MB, Fritz10.ctg} 1. e4 c5 2. c4 e6 3. Nc3 a6 4. d3 g6 5. Nge2 Bg7 6. Bd2 {
Hatte ich nicht verstanden, diesen Läuferzug, da er eher ein Tempoverlust ist.}
Nc6 7. g3 Nge7 8. Bg2 Nd4 9. Be3 {Über einen längeren Zeitraum waren viele
Züge von beiden Farben nicht ganz astrein.} O-O 10. O-O Rb8 11. Rb1 b5 12. cxb5
axb5 13. f4 {Für diesen Zug gab es Alarmstufe Rot von Fritz.} Nxe2+ {War wohl e
ine Idee zu agressive, da der weiße Springer zurückschlägt und dort gut
positioniert ist, so meine Vermutung.} 14. Nxe2 c4 15. d4 d5 16. e5 b4 17. Bd2
Ba6 18. Rf2 Qb6 19. Be1 Nf5 20. Rf3 Ne7 {
Warum laut Fritz in folgender Nebenvariante ein Springeropfer von Schwarz?} 21.
Kh1 {Warum König h1? Ist doch gut verteidigt, der weiße Diagonalbauer?} f5 22.
h4 h5 23. Bf1 Nc6 1/2-1/2